 Dungeon Crawl Stone Soup version 0.19.1 (webtiles) character file.

168 AAAAA the Insei (level 5, 0/42 HPs)
             Began as a Draconian Transmuter on Nov 24, 2016.
             Was an Initiate of Qazlal.
             Succumbed to an adder's poison
             ... on level 4 of the Dungeon.
             The game lasted 00:05:46 (2900 turns).

AAAAA the Insei (Draconian Transmuter)              Turns: 2900, Time: 00:05:47

Health: 0/42       AC:  2    Str: 12    XL:     5   Next: 23%
Magic:  3/9        EV: 20    Int: 13    God:    Qazlal [......]
Gold:   114        SH:  0    Dex: 18    Spells: 3 memorised, 3 levels left

rFire  + . .     SeeInvis .       - Unarmed
rCold  . . .     Gourm    .     (armour unavailable)
rNeg   . . .     Faith    .     (shield currently unavailable)
rPois  x         Spirit   .     (helmet currently unavailable)
rElec  .         Reflect  .     (cloak currently unavailable)
rCorr  .         Harm     .     (gloves currently unavailable)
MR     .....                    (boots currently unavailable)
Stlth  ++........               (no amulet)
                                (no ring)
                                m - ring of protection from fire

@: lethally poisoned (0 -> -10), spider-form, very slightly contaminated
A: unfitting armour, (cold-blooded), AC +5
a: End Transformation, Renounce Religion


You were on level 4 of the Dungeon.
You worshipped Qazlal.
Qazlal was noncommittal.
You were not hungry.
You were a venomous arachnid creature.
You visited 1 branch of the dungeon, and saw 4 of its levels.

You collected 114 gold pieces.

Inventory:

Missiles
 a - 33 arrows
 h - a throwing net (quivered)
Armour
 d - a cursed +2 pair of gloves (melded)
Jewellery
 m - a ring of protection from fire (left front leg)
Scrolls
 k - a scroll of enchant weapon
 o - a scroll of teleportation {unknown}
 p - a scroll of remove curse {unknown}
 u - a scroll of blinking
 w - a scroll of immolation {unknown}
Potions
 f - a potion of haste
 g - a potion of brilliance
 i - 2 potions of curing
 q - a potion of heal wounds {unknown}
 s - a potion of degeneration {unknown}
 t - 2 potions of agility
Books
 b - a book of Changes

   Spells                             Type                      Level
   a - Beastly Appendage              Transmutation                1
   b - Sticks to Snakes               Transmutation                2
   c - Spider Form                    Transmutation/Poison         3
   d - Ice Form                       Ice/Transmutation            4
   e - Blade Hands                    Transmutation                5
 v - a book of Cantrips

   Spells                             Type                      Level
   a - Confusing Touch                Hexes                        1
   b - Animate Skeleton               Necromancy                   1
   c - Summon Small Mammal            Summoning                    1
   d - Apportation                    Translocation                1
 y - a book of Necromancy

   Spells                             Type                      Level
   a - Pain                           Necromancy                   1
   b - Animate Skeleton               Necromancy                   1
   c - Vampiric Draining              Necromancy                   3
   d - Regeneration                   Charms/Necromancy            3
   e - Animate Dead                   Necromancy                   4
   f - Control Undead                 Necromancy                   4
Comestibles
 c - 3 bread rations
 l - 2 beef jerkies
 n - 2 meat rations
 r - a chunk of flesh


   Skills:
 + Level 2.7 Fighting
 + Level 2.5 Dodging
 + Level 3.8 Unarmed Combat
 + Level 2.8 Spellcasting
 + Level 3.0 Transmutations


You had 3 spell levels left.
You knew the following spells:

 Your Spells              Type           Power        Failure   Level  Hunger
a - Spider Form           Tmut/Pois      #.........   61%         3    ###....
b - Sticks to Snakes      Tmut           #.......     28%         2    ###....
c - Beastly Appendage     Tmut           #.....       24%         1    #......


Dungeon Overview and Level Annotations

Branches:
Dungeon (4/15)
 Temple: D:4-7

Altars:
Nemelex Xobeh
Okawaru
Qazlal
Ru

Portals:
Sewer: D:4


Innate Abilities, Weirdness & Mutations

((Your plain brown scales are hard. (AC +5)))
You cannot fit into any form of body armour.
((You are cold-blooded and may be slowed by cold attacks.))


Message History

You turn into a venomous arachnid creature.
Your cursed +2 pair of gloves melds into your body.
The giant cockroach misses you.
Unknown command.
You hit the giant cockroach.
The giant cockroach is poisoned.
The giant cockroach is heavily wounded.
You kill the giant cockroach!
Qazlal accepts your kill. The adder misses you.
You barely miss the adder. The adder misses you.
You closely miss the adder. The adder misses you.
You hit the adder.
The adder is moderately wounded.
The adder bites you.
* * * LOW HITPOINT WARNING * * *
You are lethally poisoned!
The adder poisons you!
You closely miss the adder.
The adder is moderately wounded.
You die...

#..####.##S.#.#
#..# ##.s#.#
#..# .)...# #..#
#..#.#####.#
...#
#..#.......#
##.#
#S.##.#.##.# .#
#.s...# ..#
####...#####..#
..$.......#s...#
#########.#S####
#...# ##[## #.#
..# #..# #..#
....


You could see an adder.

Vanquished Creatures
  Ijyb (D:3)
  4 adders
  A river rat (D:4)
  2 oozes (D:1)
  An adder skeleton (D:4)
  3 worms (D:2)
  2 dart slugs
  4 leopard geckos
  An orc (D:3)
  A giant cockroach (D:4)
  5 goblins
  8 hobgoblins
  3 jackals (D:3)
  8 kobolds
  A quokka (D:2)
  8 bats
  3 frilled lizards
  9 rats
65 creatures vanquished.

Vanquished Creatures (collateral kills)
  An adder (D:4)
1 creature vanquished.

Vanquished Creatures (others)
  2 gnolls (D:4)
2 creatures vanquished.

Grand Total: 68 creatures vanquished

Notes
Turn   | Place    | Note
-------+----------+-------------------------------------------
     0 | D:1      | AAAAA the Draconian Transmuter began the quest for the Orb.
     0 | D:1      | Reached XP level 1. HP: 16/16 MP: 3/3
   113 | D:1      | Reached XP level 2. HP: 23/23 MP: 5/5
   422 | D:1      | Reached XP level 3. HP: 29/29 MP: 6/6
   426 | D:1      | Learned a level 2 spell: Sticks to Snakes
   430 | D:1      | Learned a level 3 spell: Spider Form
   796 | D:2      | Found an iron altar of Okawaru.
  1013 | D:2      | Found a sacrificial altar of Ru.
  1512 | D:2      | Reached XP level 4. HP: 36/36 MP: 0/7
  1554 | D:2      | Found a sparkling altar of Nemelex Xobeh.
  2198 | D:3      | Found a stormy altar of Qazlal.
  2252 | D:3      | Noticed Ijyb
  2262 | D:3      | Killed Ijyb
  2355 | D:3      | Became a worshipper of Qazlal Stormbringer
  2822 | D:4      | Found a glowing drain.
  2829 | D:4      | Reached XP level 5. HP: 33/42 MP: 5/9
  2899 | D:4      | HP: 1/42 [adder (3)]
  2900 | D:4      | Succumbed to an adder's poison

Skill      XL: |  1  2  3  4  5 |
---------------+----------------+-----
Dodging        | 2 |  2.5
Fighting       | 2 |  2.7
Transmutations | 3 |  3.0
Unarmed Combat | |  3.8
Spellcasting   | |  2.8

Action                   |  1- 3 |  4- 6 || total
-------------------------+-------+-------++-------
Melee: Unarmed           |   165 |   133 ||   298
       Punch             |     3 |       ||     3
       Tailslap          |    13 |     7 ||    20
 Cast: Beastly Appendage |     2 |       ||     2
       Spider Form       |     1 |     5 ||     6
       Sticks to Snakes  |       |     2 ||     2
  Use: Scroll            |       |     8 ||     8
       Potion            |       |     1 ||     1
 Stab: Sleeping          |     1 |       ||     1
  Eat: Chunk             |     2 |     6 ||     8
Armor: Skin              |    52 |    34 ||    86
Dodge: Dodged            |   126 |    94 ||   220
